 Dungeon Crawl Stone Soup version 0.19.0-9-gfd783f2 (webtiles) character file.

1927 Firebatgyro the Carver (level 9, -3/71 HPs)
             Began as a Formicid Fighter on Nov 7, 2016.
             Killed by divine providence
             ... invoked by an orc priest
              (16 damage)
             ... on level 7 of the Dungeon.
             The game lasted 00:11:44 (7152 turns).

Firebatgyro the Carver (Formicid Fighter)           Turns: 7152, Time: 00:11:45

Health: -3/71      AC: 15    Str: 24    XL:     9   Next: 40%
Magic:  9/9        EV:  5    Int:  8    God:
Gold:   279        SH:  9    Dex: 10    Spells: 1 memorised, 6 levels left

rFire  . . .     SeeInvis +     t - +1 scimitar (curse)
rCold  . . .     Gourm    .     g - +0 plate armour
rNeg   + . .     Faith    .     c - +0 shield
rPois  .         Spirit   .     (helmet unavailable)
rElec  .         Reflect  .     l - +1 cloak
rCorr  .         Harm     .     (no gloves)
MR     .....                    (no boots)
Stlth  ..........               (no amulet)
                                (no ring)
                                i - ring of positive energy

@: no status effects
A: permanent stasis, dig shafts and tunnels, four strong arms, antennae 3
a: Dig, Shaft Self


You were on level 7 of the Dungeon.
You were not hungry.

You visited 1 branch of the dungeon, and saw 8 of its levels.

You collected 279 gold pieces.

Inventory:

Hand Weapons
 a - a +0 long sword
 j - the +2 spear "Pyepihie" {flame, rC+ MR+ Int-3 Dex+9}
   (You found it on level 7 of the Dungeon)

   It has been specially enchanted to burn those struck by it, causing extra
   injury to most foes and up to half again as much damage against particularly
   susceptible opponents.
   It affects your intelligence (-3).
   It affects your dexterity (+9).
   It protects you from cold.
   It affects your resistance to hostile enchantments.
 t - a cursed +1 scimitar (weapon)
 v - a +0 blowgun
Missiles
 o - 3 tomahawks (quivered)
 w - 32 poisoned needles
 z - 2 tomahawks of returning
Armour
 c - a +0 shield (worn)
 g - a +0 plate armour (worn)
 l - a +1 cloak (worn)
Jewellery
 i - a ring of positive energy (left hand)
 r - an uncursed ring of ice
Wands
 x - a wand of flame (23/48)
Scrolls
 e - a scroll of enchant armour
 k - a scroll of recharging
 m - 3 scrolls of identify
 u - 3 scrolls of remove curse
 y - a scroll of vulnerability {unknown}
Potions
 d - 2 potions of might
 h - a potion of lignification
 n - a potion of curing {unknown}
 p - a potion of invisibility {unknown}
 q - a potion of berserk rage {unknown}
Books
 s - a book of Geomancy

   Spells                             Type                      Level
   a - Sandblast                      Earth                        1
   b - Passwall                       Transmutation/Earth          2
   c - Stone Arrow                    Conjuration/Earth            3
   d - Petrify                        Transmutation/Earth          4
   e - Lee's Rapid Deconstruction     Earth                        5
Comestibles
 b - 3 meat rations
 f - 3 bread rations


   Skills:
 + Level 6.6 Fighting
 + Level 9.1 Long Blades
 + Level 6.9 Armour
 - Level 3.6 Shields


You had 6 spell levels left.
You knew the following spells:

 Your Spells              Type           Power        Failure   Level  Hunger
a - Passwall              Tmut/Erth      #.........   100%        2    ###....


Dungeon Overview and Level Annotations

Branches:
Dungeon (8/15)
 Temple: D:4-7         Lair: D:8-11

Altars:

Annotations:
D:7 Menkaure


Innate Abilities, Weirdness & Mutations

You are under a permanent stasis effect.
You can dig through walls and to a lower floor.
Your four strong arms can wield two-handed weapons with a shield.
You have a pair of large antennae on your head. (SInv)


Message History

You hit the orc priest.
The orc priest is lightly wounded.
Menkaure gestures wildly while chanting.
The orc priest calls down the wrath of Beogh upon you.
Beogh smites you!
The orc priest mumbles some strange prayers to Beogh against you.
You resist with significant effort.
Okay, then.
Menkaure calls on the powers of darkness!
The orc priest convulses! x2; Your body is wracked with pain!
* * * LOW HITPOINT WARNING * * *
Menkaure giggles, "These cerements are ticklish..."
You see here a giant club.
Items here: ))) [[ †† The orc priest mumbles some strange prayers to Beogh against you.
Beogh smites you!
* * * LOW HITPOINT WARNING * * *
The orc priest calls down the wrath of Beogh upon you.
Beogh smites you!
You die...

##...##### #.# ...######### #.#
.### #.....# #.# ########## ##
#.....###.# ##...##...##
##.........# ##..........##
#...#####..## #............#
#..## ##..# #............# #.)#
#..###............## ###
##.########.@................ ..#
#.M.)M..###.##......#.....<..
..###.#####o.##.#......##)###....
...##.# ##{##.#........).......
.o.##.# ###.{o[..###............
.#..#.####...##.####.........##.#
###..........................#..#
.......###.##.#.#..#.........#.##
####...##..##.#.#.##.........#.#


You could see an orc priest.

Vanquished Creatures
  A hippogriff (D:4)
  An ice beast (D:5)
  An orc warrior (D:7)
  A black bear (D:7)
  4 ogres
  A centaur (D:5)
  A big kobold (D:7)
  A wyvern zombie (D:3)
  4 scorpions
  4 wights (D:7)
  3 crimson imps
  A jelly (D:5)
  Crazy Yiuf (D:4)
  2 hounds
  2 orc wizards
  An iguana (D:5)
  3 worker ants
  A worker ant zombie (D:5)
  A gnoll (D:1)
  3 adders
  2 oozes
  4 worms
  A dart slug (D:1)
  3 leopard geckos
  19 orcs
  10 bats
  6 giant cockroaches
  8 goblins
  11 hobgoblins
  7 jackals
  5 frilled lizards
  13 kobolds
  12 rats
138 creatures vanquished.

Notes
Turn   | Place    | Note
-------+----------+-------------------------------------------
     0 | D:1      | Firebatgyro the Formicid Fighter began the quest for the Orb.
     0 | D:1      | Reached XP level 1. HP: 18/18 MP: 1/1
    57 | D:1      | Reached XP level 2. HP: 20/24 MP: 2/2
   370 | D:1      | Reached XP level 3. HP: 29/29 MP: 3/3
  1247 | D:2      | Reached XP level 4. HP: 33/37 MP: 4/4
  1334 | D:2      | Reached skill level 3 in Long Blades
  2347 | D:3      | Reached XP level 5. HP: 42/42 MP: 5/5
  3074 | D:3      | Reached XP level 6. HP: 38/49 MP: 6/6
  3317 | D:4      | Reached skill level 4 in Long Blades
  3339 | D:4      | Noticed an ogre
  3346 | D:4      | Killed an ogre
  3346 | D:4      | Reached skill level 5 in Fighting
  3346 | D:4      | Reached skill level 5 in Armour
  3459 | D:4      | Found a runed door.
  3544 | D:4      | Reached XP level 7. HP: 23/56 MP: 7/7
  3574 | D:4      | Noticed a hippogriff
  3723 | D:4      | Reached skill level 5 in Long Blades
  3867 | D:4      | Noticed Crazy Yiuf
  3878 | D:4      | Killed Crazy Yiuf
  4179 | D:4      | Killed a hippogriff
  4179 | D:4      | Reached skill level 6 in Long Blades
  4405 | D:5      | Entered Level 5 of the Dungeon
  4416 | D:5      | Reached XP level 8. HP: 14/62 MP: 8/8
  4732 | D:5      | Reached skill level 7 in Long Blades
  5001 | D:5      | HP: 2/93 [ice beast (11)]
  5010 | D:5      | Reached skill level 8 in Long Blades
  5377 | D:5      | Learned a level 2 spell: Passwall
  6590 | D:6      | You fall through a shaft for 2 floors!
  6704 | D:8      | Noticed a hill giant
  6720 | D:7      | Got a warped spear
  6734 | D:7      | Reached XP level 9. HP: 62/69 MP: 9/9
  6757 | D:7      | Identified the +2 spear "Pyepihie" {flame, rC+ MR+ Int-3 Dex+9} (You found it on level 7 of the Dungeon)
  6946 | D:7      | Reached skill level 9 in Long Blades
  7132 | D:7      | Noticed Menkaure
  7152 | D:7      | Killed from afar by an orc priest

Skill      XL: |  1  2  3  4  5  6  7  8  9 |
---------------+----------------------------+-----
Armour         | 4 5 6 |  6.9
Long Blades    | 3 4 6 8 9 |  9.1
Fighting       | 4 5 6 |  6.6
Shields        | |  3.6

Action                   |  1- 3 |  4- 6 |  7- 9 || total
-------------------------+-------+-------+-------++-------
Melee: Long sword        |   110 |   250 |   238 ||   598
       Scimitar          |       |       |    62 ||    62
Throw: Tomahawk          |       |     1 |     6 ||     7
 Abil: Shaft Self        |       |       |     1 ||     1
  Use: Scroll            |       |     8 |     4 ||    12
       Potion            |       |       |     3 ||     3
  Eat: Chunk             |       |     9 |     8 ||    17
       Bread ration      |       |       |     1 ||     1
Armor: Scale mail        |    52 |     8 |       ||    60
       Plate armour      |       |   112 |   160 ||   272
       Skin              |       |       |    19 ||    19
Dodge: Dodged            |    36 |    54 |    49 ||   139
Block: Shield            |    88 |   127 |   139 ||   354
       Rpst.: Long sword |    14 |    15 |    16 ||    45
       Scimitar          |       |       |     4 ||     4
